 Dungeon Crawl Stone Soup version 0.32-a0-685-g93135e86f0 (webtiles) character file.

Game seed: 3474311476200682569

452579 Turgor the Marksgoblin (level 24, -2/193 (197) HPs)
             Began as a Coglin Hunter on Mar 11, 2024.
             Was the Champion of Lugonu.
             Succumbed to poison (poison gas)
             ... on level 2 of the Depths on Mar 12, 2024.
             The game lasted 05:24:07 (54325 turns).

Turgor the Marksgoblin (Coglin Hunter)             Turns: 54325, Time: 05:24:09

HP:   -2/193 (197)  AC: 31    Str: 16    XL:     24   Next: 32%
MP:   34/34         EV: 22    Int: 10    God:    Lugonu [******]
Gold: 4540          SH:  0    Dex: 24    Spells: 15/38 levels left

rFire   . . .        d - +7 hand cannon of Indomitability {freeze, rF+ Will+}
rCold   + + .        F - +9 hand cannon (freeze) {Msizi}
rNeg    . . .        R - +2 ice dragon scales
rPois   .            q - +2 helmet {SInv}
rElec   +            a - +2 cloak {rCorr}
rCorr   +            g - +0 pair of gloves
SInv    +            L - +2 pair of boots {Fly}
Will    +++..        (amulet unavailable)
Stlth   +            (ring unavailable)
HPRegen 0.52/turn    (ring unavailable)
MPRegen 0.24/turn    Z - hyperadeledicnander booster {Gadgeteer, rElec Will+}

%: no passive effects
@: lethally poisoned (-2 -> -70), flying, studying Translocations, lightly
drained, revved
A: off-hand wielding, slow wielding, warmup strikes, no jewellery
}: 2/15 runes: decaying, gossamer
a: Renounce Religion, Depart the Abyss, Banish, Corrupt, Enter the Abyss


You were on level 2 of the Depths.
You worshipped Lugonu.
Lugonu was exalted by your worship.
You visited 8 branches of the dungeon, and saw 39 of its levels.
You also visited: Sewer, Gauntlet, Ice Cave and Wizlab.

You collected 6100 gold pieces.
You spent 1560 gold pieces at shops.

Inventory:

Hand Weapons
 d - the +7 hand cannon of Indomitability (weapon) {freeze, rF+ Will+}
   (You acquired it on level 3 of the Dungeon)

   rF+:       It protects you from fire.
   Will+:     It increases your willpower.
 F - a +9 hand cannon of freezing (offhand) {Msizi}
 Y - the +27 heavy crossbow "Sniper" {heavy, Acc+∞ SInv}
   (You found it on level 3 of the Elven Halls)

   Acc+∞: It never misses its target.
   SInv:      It lets you see invisible.
Missiles
 v - 5 throwing nets
 C - 9 silver javelins
Armour
 a - a +2 cloak of preservation (worn)
 g - a +0 pair of gloves (worn)
 q - a +2 helmet of see invisible (worn)
 L - a +2 pair of boots of flying (worn)
 R - +2 ice dragon scales (worn)
Gizmo
 Z - a hyperadeledicnander booster (installed) {Gadgeteer, rElec Will+}
   (You invented it yourself on level 3 of the Lair of Beasts)

   [hyperadeledicnander booster]

   Gadgeteer: Your evocable items recharge 30% faster and wands have a 30%
   chance to not spend a charge.
   rElec:     It insulates you from electricity.
   Will+:     It increases your willpower.
Wands
 r - a wand of charming (42)
 w - a wand of mindburst (52)
 A - a wand of digging (32)
 J - a wand of flame (44)
 O - a wand of iceblast (32)
 T - a wand of acid (9)
 W - a wand of polymorph (32)
Scrolls
 b - a scroll of butterflies
 e - a scroll of blinking
 f - 8 scrolls of vulnerability
 i - 2 scrolls of revelation
 j - 4 scrolls of summoning
 k - 2 scrolls of fear
 m - 7 scrolls of teleportation
 p - 5 scrolls of poison
 u - 6 scrolls of fog
 x - 6 scrolls of silence
 B - a scroll of immolation
 D - a scroll of brand weapon
 G - 2 scrolls of amnesia
 H - 7 scrolls of enchant armour
 S - a scroll of enchant weapon
Potions
 c - 4 potions of enlightenment
 h - 4 potions of haste
 l - 2 potions of invisibility
 n - 6 potions of resistance
 o - 6 potions of curing
 t - 8 potions of brilliance
 z - 4 potions of mutation
 E - 3 potions of might
 I - a potion of lignification
 M - 3 potions of magic
 N - 5 potions of ambrosia
 P - 5 potions of cancellation
Miscellaneous
 y - a phantom mirror
 K - a condenser vane (inert)
 U - a phial of floods
 V - a sack of spiders (inert)


   Skills:
 - Level 18.0 Fighting
 + Level 18.3 Ranged Weapons
 - Level 18.0 Armour
 * Level 17.2 Dodging
 - Level 0.7 Stealth
 + Level 7.6 Spellcasting
 * Level 9.5 Summonings
 + Level 12.6 Translocations
 - Level 10.0 Invocations
 - Level 13.0 Evocations


You had 15 spell levels left.
You knew the following spells:

 Your Spells              Type           Power      Damage    Failure   Level
a - Apportation           Tloc           58%        N/A       1%          1
b - Summon Forest         Summ/Tloc      12%        N/A       14%         5
c - Malign Gateway        Summ/Tloc      12%        N/A       99%         7
d - Dispersal             Tloc           14%        N/A       36%         6
e - Passage of Golubria   Tloc           29%        N/A       2%          4

Your spell library contained the following spells:

 Spells                   Type           Power      Damage    Failure   Level
 Summon Small Mammal      Summ           88%        N/A       1%          1
 Lesser Beckoning         Tloc           58%        N/A       1%          2
 Gell's Gravitas          Tloc           29%        N/A       1%          3
 Teleport Other           Tloc           29%        N/A       1%          3
 Call Canine Familiar     Summ           22%        N/A       2%          3
 Volatile Blastmotes      Fire/Tloc      32%        2d12      11%         3
 Summon Ice Beast         Ice/Summ       13%        N/A       21%         3
 Dimensional Bullseye     Hex/Tloc       8%         N/A       34%         4
 Iskenderun's Mystic Bla  Conj/Tloc      16%        2d5       34%         4
 Freeze                   Ice            12%        1d3       43%         1
 Magic Dart               Conj           12%        1d3       43%         1
 Necrotise                Necr           12%        1d4       43%         1
 Shock                    Conj/Air       12%        1d3       43%         1
 Sting                    Conj/Alch      12%        1d3       43%         1
 Martyr's Knell           Necr/Summ      13%        N/A       54%         4
 Summon Blazeheart Golem  Fire/Summ      13%        N/A       54%         4
 Summon Lightning Spire   Summ/Air       13%        N/A       54%         4
 Cigotuvi's Dreadful Rot  Necr/Alch/Air  6%         N/A       56%         2
 Ensorcelled Hibernation  Hex/Ice        6%         N/A       56%         2
 Jinxbite                 Hex            6%         N/A       56%         2
 Mercury Vapours          Alch/Air       6%         N/A       56%         2
 Searing Ray              Conj           6%         2d4       56%         2
 Static Discharge         Conj/Air       6%         3-4/arc   56%         2
 Dazzling Flash           Conj/Hex       6%         N/A       80%         3
 Frozen Ramparts          Ice            6%         1d1       80%         3
 Fugue of the Fallen      Necr           3%         N/A       80%         3
 Hailstorm                Conj/Ice       3%         3d5       80%         3
 Inner Flame              Hex/Fire       3%         N/A       80%         3
 Mephitic Cloud           Conj/Alch/Air  3%         N/A       80%         3
 Ozocubu's Armour         Ice            3%         N/A       80%         3
 Passwall                 Erth           3%         N/A       80%         3
 Sigil of Binding         Hex            3%         N/A       80%         3
 Swiftness                Air            3%         N/A       80%         3
 Tukima's Dance           Hex            3%         N/A       80%         3
 Summon Cactus Giant      Summ           11%        N/A       82%         6
 Summon Mana Viper        Hex/Summ       13%        N/A       88%         5
 Airstrike                Air            1%         2d(1-17)  99%         4
 Anguish                  Hex/Necr       1%         N/A       99%         4
 Animate Dead             Necr           3%         N/A       99%         4
 Cause Fear               Hex            1%         N/A       99%         4
 Dispel Undead            Necr           3%         3d7       99%         4
 Fulminant Prism          Conj/Alch      1%         3d5       99%         4
 Ignite Poison            Fire/Alch      3%         N/A       99%         4
 Olgreb's Toxic Radiance  Alch           3%         N/A       99%         4
 Sticky Flame             Fire/Alch      3%         2d4       99%         4
 Alistair's Intoxication  Alch           2%         N/A       100%        5
 Arcjolt                  Conj/Air       1%         1d11      100%        5
 Borgnjor's Vile Clutch   Necr/Erth      1%         N/A       100%        5
 Curse of Agony           Necr           3%         N/A       100%        5
 Fireball                 Conj/Fire      1%         3d3       100%        5
 Freezing Cloud           Conj/Ice/Air   1%         6-21      100%        5
 Irradiate                Conj/Alch      1%         3d12      100%        5
 Silence                  Hex/Air        1%         N/A       100%        5
 Yara's Violent Unravell  Hex/Alch       1%         3d3       100%        5
 Conjure Ball Lightning   Conj/Air       1%         3x3d6     100%        6
 Death Channel            Necr           1%         N/A       100%        6
 Eringya's Noxious Bog    Alch           1%         4d6       100%        6
 Permafrost Eruption      Ice/Erth       1%         2x4d2     100%        6
 Sculpt Simulacrum        Ice/Alch       1%         N/A       100%        6
 Starburst                Conj/Fire      1%         6d3       100%        6
 Enfeeble                 Hex            1%         N/A       100%        7
 Orb of Destruction       Conj           1%         9d5       100%        7
 Spellforged Servitor     Conj/Summ      6%         N/A       100%        7
 Ignition                 Fire           1%         3d3       100%        8
 Lehudib's Crystal Spear  Conj/Erth      1%         10d2      100%        8
 Maxwell's Capacitive Co  Air            1%         ∞         100%        8
 Summon Horrible Things   Summ           11%        N/A       100%        8
 Dragon's Call            Summ           11%        N/A       100%        9


Dungeon Overview and Level Annotations

Branches:
Dungeon (15/15)            Temple (0/1) D:6            Lair (5/5) D:9
  Swamp (4/4) Lair:2       Spider (4/4) Lair:3        Slime (0/5) Lair:5
    Orc (2/2) D:10            Elf (3/3) Orc:2        Vaults (4/5) D:13
  Crypt (0/3) Vaults:3     Depths (2/4) D:15          Sewer (visited)
  IceCv (visited)          WizLab (visited)         Gauntlet (visited)

Altars:
Ashenzari
Dithmenos
Elyvilon
Kikubaaqudgha
Nemelex Xobeh
Sif Muna
Vehumet
Xom
Beogh
Lugonu

Shops:
D:13 =   Orc:1 [   Orc:2 *:([!   Elf:1 ?   Elf:3 (:??*   Vaults:2 [

Portals:
Hell: Depths:1
Abyss: Depths:1
Pandemonium: Depths:2
Trove: Vaults:1 (give +3 gold dragon scales)

Annotations:
D:10 4 transporters
Spider:3 1 runed translucent door, Mulldrifter's ghost, adept FoFi
Orc:1 1 runed translucent door
Vaults:1 8 runed translucent doors, shadizar's ghost, adept GrEE
Depths:1 4 transporters


Innate Abilities, Weirdness & Mutations

You can wield a second weapon in your off-hand.
It takes a long time for you to wield or remove held weapons.
Your first few attacks do less damage.
You cannot equip rings or amulets.


Message History

Aim: a golden dragon (heavily wounded, 85% to hit)
You shoot a slug.
The slug hits the golden dragon but does no damage.
The golden dragon is heavily wounded.
You shoot a slug. The slug hits the golden dragon!!
The slug freezes the golden dragon.
The golden dragon is almost dead.
You are engulfed in poison gas.
You are more poisoned.
You feel extremely sick.
The golden dragon breathes poison at you.
The blast of poison engulfs you!
You are more poisoned.
* * * LOW HITPOINT WARNING * * *
Fire: d) +7 hand cannon of Indomitability {freeze, rF+ Will+}
Press: ? - help, Q - select action, (/) - cycle Shift-Dir - straight line, f/p - golden dragon
Aim: a golden dragon (almost dead, catching its breath, 85% to hit)
You shoot a slug.
The slug hits the golden dragon but does no damage.
The golden dragon is almost dead.
You shoot a slug.
The slug hits the golden dragon but does no damage.
The golden dragon is almost dead.
You are engulfed in poison gas.
You are more poisoned.
* * * LOW HITPOINT WARNING * * *
x2 You feel extremely sick.
Fire: d) +7 hand cannon of Indomitability {freeze, rF+ Will+}
Press: ? - help, Q - select action, (/) - cycle Shift-Dir - straight line, f/p - golden dragon
Aim: a golden dragon (poison gas, almost dead, catching its breath, 85% to hit)
You shoot a slug. The slug hits the golden dragon.
The golden dragon is almost dead.
You shoot a slug. The slug hits the golden dragon!
The slug freezes the golden dragon.
You kill the golden dragon!
Lugonu accepts your kill.
You are engulfed in poison gas.
You are more poisoned.
* * * LOW HITPOINT WARNING * * *
You die...

##.#.#.#.#.#)#.............
##.#.#.#.#.#.###...........
##.#.#.#.#.#(#.##.........#.
##.#.#.#.#.#.#.###..........
##.#.#.#.#.#.#.#.##..........
##.#(#.#.#.#.#.#|###......!...
#.#.#.#.#.#.#°#.#°##.........>
#.#$#.#.#.#.#.#○#°##
.#[#†#.#.#.#.#.#@##
#(#.#$#.#.#.#.#°##
.#.#.#.#.#.#^#/##
#.#.#.#.#.#.#°## .#.#
.#.#.#°## #.# .#.#.## )# .#○#
°#


There were no monsters in sight!

Vanquished Creatures
  the Lernaean hydra (Swamp:4)
  Saint Roka (Orc:2)
  Norris (Elf:2)
  2 golden dragons (Depths:2)
  Nikola (Depths:1)
  A Cloud Mage (WizLab)
  A tentacled monstrosity (Swamp:4)
  3 deep elf blademasters
  A walking frostbound tome (Depths:2)
  A titan (Depths:2)
  3 sphinxes
  2 deep elf master archers (Elf:3)
  An ancient champion (Vaults:3)
  Agnes (Elf:1)
  A thorn hunter (Swamp:4)
  A shadow dragon (Depths:2)
  Aizul (Swamp:3)
  3 tengu reavers (Depths:2)
  Roxanne (Spider:4)
  3 fenstrider witches
  2 fire giants (Depths:2)
  4 frost giants
  An iron dragon (Depths:2)
  6 emperor scorpions
  3 deep elf sorcerers
  10 deep elf elementalists
  6 ghost moths
  2 orc warlords
  12 vault wardens
  A reaper (Depths:2)
  A spriggan defender (Depths:2)
  Louise (Spider:3)
  12 very ugly things
  3 formless jellyfish
  7 stone giants
  6 ironbound thunderhulks
  9 deep elf death magi
  A vampire knight (Vaults:3)
  3 broodmothers
  5 eleionomae
  14 ironbound preservers
  Nessos (D:12)
  8 deep elf annihilators
  9 bunyips
  A white draconian (IceCv)
  8 dire elephants
  3 deep elf demonologists (Elf:3)
  A minotaur (Gauntlet)
  6 spark wasps
  4 ettins
  3 blizzard demons (WizLab)
  3 deep elf high priests
  5 fire dragons
  10 yaktaur captains
  3 jiangshi (Depths:1)
  A rakshasa (D:15)
  5 entropy weavers
  2 ice dragons (Depths:2)
  3 jorogumos
  A peacekeeper (Vaults:4)
  2 radroaches (Spider:3)
  25 hydras
  3 ogre magi
  5 spriggan air magi (WizLab)
  5 ghost crabs
  5 great orbs of eyes
  A catoblepas (Lair:3)
  A merfolk avatar (Lair:5)
  11 vault guards
  7 boulder beetles
  17 two-headed ogres
  10 alligators
  19 centaur warriors
  28 dancing weapons
  10 ironbound frosthearts
  19 death yaks
  3 deep troll shamans
  2 orc high priests
  7 tengu warriors
  12 demonic crawlers
  5 deep troll earth magi
  A titan zombie (Vaults:3)
  2 spriggan berserkers (Depths:2)
  Urug (Orc:2)
  15 deep elf knights
  A shock serpent (shapeshifter) (Depths:2)
  A titan skeleton (Vaults:4)
  2 vampire magi
  3 iron trolls
  A sun demon (Depths:2)
  6 skysharks
  A wretched star (Gauntlet)
  The ghost of yoshimanden the Trooper, a novice CoBe of Trog (D:7)
  4 goliath frogs
  6 skeletal warriors
  37 deep trolls
  A storm dragon skeleton (Vaults:4)
  4 spriggan druids
  3 sun moths
  8 arcanists
  2 glowing orange brains
  6 pharaoh ants
  13 swamp dragons
  4 death drakes (WizLab)
  13 lindwurms
  Pikel (D:6)
  8 orb spiders
  Lodul (D:12)
  5 thermic dynamos
  4 necromancers
  An elf zombie (Vaults:2)
  2 bog bodies
  7 deep elf archers
  The ghost of noobster the Carver, a novice MiFi of Ashenzari (D:6)
  An orange crystal statue (IceCv)
  6 orc knights
  5 harpies (Vaults:1)
  A shadow dragon zombie (Vaults:3)
  3 oklob plants (Lair:5)
  A phantasmal warrior (D:13)
  20 deep elf zephyrmancers
  18 ironbound convokers
  28 deep elf pyromancers
  3 orc sorcerers (Orc:2)
  24 wolf spiders
  4 steelbarb worms
  6 cyclopes
  Maurice (D:8)
  3 manticores
  2 frost giant zombies
  8 will-o-the-wisps
  43 ugly things
  A shining eye (shapeshifter) (D:15)
  3 moths of wrath
  12 elephants
  An ice statue (Gauntlet)
  6 meliai
  11 vault sentinels
  5 apocalypse crabs (WizLab)
  A black mamba (Lair:4)
  2 kobold blastminers (Orc:2)
  3 torpor snails (Spider:3)
  4 unseen horrors
  12 cane toads
  2 yaktaur zombies
  3 gargoyles
  Jeremiah (D:6)
  A hellion (Depths:2)
  23 rime drakes
  2 kobold demonologists (D:12)
  3 efreet
  A spark wasp simulacrum (Depths:1)
  Maggie (D:6)
  3 freezing wraiths (Swamp:3)
  An ice devil (Gauntlet)
  24 yaktaurs
  A queen bee (shapeshifter) (D:13)
  A yaktaur skeleton (Vaults:1)
  A tengu conjurer (Depths:1)
  11 komodo dragons
  2 bloated husks (Swamp:2)
  9 tyrant leeches
  15 trolls
  2 wind drakes (WizLab)
  29 polar bears
  The ghost of t4s4d4r the Cudgeller, an amateur CoFi (D:3)
  40 blink frogs
  Prince Ribbit (D:6)
  2 tengu simulacra
  12 hornets
  32 tarantellas
  6 dream sheep (Lair:5)
  A fire giant simulacrum (Vaults:3)
  A glass eye (Depths:2)
  27 jumping spiders
  17 slime creatures
  3 snapping turtles (Lair:5)
  10 air elementals
  A water elemental (Elf:2)
  2 shadows
  14 culicivoras
  Sigmund (D:6)
  An ettin skeleton (Vaults:2)
  5 wyverns
  A wraith (D:14)
  41 yaks
  The ghost of Stormracerdan the Covered, an amateur MiFi (D:3)
  6 spriggans
  2 hogs (shapeshifter) (D:15)
  2 fire elementals (Elf:1)
  3 vampire mosquitoes
  A golden eye (Lair:5)
  40 redbacks
  A neqoxec (Gauntlet)
  2 steam dragons
  16 humans (D:13)
  A warg (Orc:2)
  15 swamp worms
  A yaktaur simulacrum (Vaults:1)
  An acid dragon (D:11)
  8 water moccasins
  36 orc warriors
  3 ice beasts
  A sky beast (D:6)
  Pargi (Sewer)
  2 laughing skulls
  10 swamp drakes
  An ettin simulacrum (Vaults:4)
  2 wolves (D:9)
  8 ogres
  5 human zombies
  3 black bears
  4 boggarts (D:15)
  3 lemures (D:6)
  21 centaurs
  A phantom (D:5)
  9 kobold brigands
  20 bullfrogs
  2 earth elementals
  2 gnoll sergeants (D:9)
  3 scorpions
  2 small abominations (Gauntlet)
  5 wights
  17 killer bees
  7 howler monkeys
  9 electric eels
  2 bombardier beetles
  A jelly (D:6)
  2 hounds
  27 orc priests
  3 iguanas
  29 orc wizards
  Ijyb (D:5)
  14 gnolls
  Robin (D:4)
  A river rat (D:3)
  8 adders
  A shadow imp (D:5)
  3 white imps
  4 ufetubi
  3 ribbon worms
  7 dart slugs
  80 orcs
  3 bats (D:1)
  8 endoplasms
  2 giant cockroaches
  14 goblins
  11 hobgoblins
  11 jackals
  5 quokkas
  12 ball pythons
  7 frilled lizards
  37 kobolds
  4 rats
  A butterfly (Swamp:1)
1751 creatures vanquished.

Vanquished Creatures (collateral kills)
  A walking frostbound tome (Depths:2)
  A vault warden (Vaults:2)
  A frost giant (Depths:2)
  A very ugly thing (Depths:1)
  A catoblepas (D:13)
  A vampire mage (Depths:2)
  3 deep trolls (Vaults:2)
  A deep elf pyromancer (Elf:1)
  2 deep elf zephyrmancers (Elf:1)
  2 ugly things (Depths:2)
  3 necromancers
  A jumping spider (Spider:3)
  A killer bee (D:8)
19 creatures vanquished.

Vanquished Creatures (others)
  A vault warden (Vaults:4)
  An ironbound thunderhulk (Vaults:4)
  An ironbound preserver (Vaults:2)
  An ettin (Vaults:3)
  A dancing weapon (Elf:2)
  A deep troll earth mage (Depths:2)
  An orb spider (Spider:4)
  A swamp dragon (Swamp:4)
  2 deep trolls
  A storm dragon skeleton (Depths:2)
  2 orc knights (Vaults:3)
  An ugly thing (Depths:2)
  A meliai (D:13)
  A komodo dragon (D:13)
  A troll (shapeshifter) (D:13)
  A tyrant leech (Swamp:2)
  An air elemental (WizLab)
  2 water elementals
  A redback (Vaults:2)
  An ogre (D:15)
  A lemure (D:6)
  A killer bee (D:8)
  14 foxfires
39 creatures vanquished.

Grand Total: 1809 creatures vanquished

Notes
Turn   | Place    | Note
-------+----------+-------------------------------------------
     0 | D:1      | Turgor the Coglin Hunter began the quest for the Orb.
     0 | D:1      | Reached XP level 1. HP: 16/16 MP: 1/1
    91 | D:1      | Reached XP level 2. HP: 22/22 MP: 2/2
   100 | D:1      | Found a faded altar of an unknown god.
   136 | D:1      | Prayed at the altar of an unknown god.
   136 | D:1      | Became a worshipper of Lugonu the Unformed
   136 | D:1      | Reached * piety under Lugonu
   339 | D:1      | Reached XP level 3. HP: 28/28 MP: 3/3
   573 | D:1      | Reached ** piety under Lugonu
   638 | D:2      | Reached XP level 4. HP: 31/34 MP: 4/4
  1643 | D:3      | Reached skill level 5 in Ranged Weapons
  1643 | D:3      | Reached XP level 5. HP: 41/41 MP: 5/5
  1720 | D:3      | Found a glowing drain.
  1725 | Sewer    | Entered a sewer
  1787 | Sewer    | Noticed Pargi
  1801 | Sewer    | Killed Pargi
  1802 | Sewer    | Reached XP level 6. HP: 39/48 MP: 6/6
  2048 | D:3      | Found a white marble altar of Elyvilon.
  2075 | D:3      | Reached *** piety under Lugonu
  2252 | D:3      | Found a runed translucent gate.
  2252 | D:3      | Found a runed translucent gate.
  2254 | D:3      | Found a runed translucent gate.
  2265 | D:3      | Noticed Stormracerdan's ghost (amateur MiFi)
  2265 | D:3      | Noticed t4s4d4r's ghost (amateur CoFi)
  2346 | D:4      | Noticed Robin
  2407 | D:4      | Reached XP level 7. HP: 55/55 MP: 7/7
  2814 | D:4      | Killed Robin
  2817 | D:4      | Reached skill level 5 in Fighting
  3121 | D:5      | Entered Level 5 of the Dungeon
  3138 | D:5      | Reached **** piety under Lugonu
  3260 | D:5      | Reached XP level 8. HP: 52/63 MP: 8/8
  3651 | D:5      | Noticed Ijyb
  3656 | D:5      | Killed Ijyb
  3838 | D:6      | Noticed Jeremiah
  3838 | D:6      | Noticed Sigmund
  3955 | D:6      | Noticed Prince Ribbit
  4040 | D:6      | Found a runed translucent door.
  4040 | D:6      | Noticed noobster's ghost (novice MiFi)
  4103 | D:6      | Identified the +3 dire flail of Doors {freeze, rCorr MP+9}
  4511 | D:6      | Noticed Pikel
  4534 | D:6      | Killed Pikel
  4646 | D:6      | Noticed Maggie
  4658 | D:6      | Found a radiant altar of Vehumet.
  4713 | D:6      | Killed Prince Ribbit
  4714 | D:6      | Reached XP level 9. HP: 10/71 MP: 9/9
  5075 | D:7      | Found a runed translucent door.
  5075 | D:7      | Noticed yoshimanden's ghost (novice CoBe)
  5230 | D:8      | Reached skill level 10 in Ranged Weapons
  5675 | D:7      | Found a broken altar of Ashenzari.
  5675 | D:7      | Found an ancient bone altar of Kikubaaqudgha.
  5704 | D:7      | Reached ***** piety under Lugonu
  5874 | D:7      | Found a sparkling altar of Nemelex Xobeh.
  6198 | D:3      | Killed t4s4d4r's ghost
  6199 | D:3      | Reached XP level 10. HP: 61/80 MP: 10/10
  6217 | D:3      | Killed Stormracerdan's ghost
  6218 | D:3      | Reached skill level 1 in Armour
  6410 | D:3      | Identified 2 scrolls of acquirement
  6410 | D:3      | Acquired a +0 hand cannon of electrocution
  6496 | D:3      | Acquired the +7 hand cannon of Indomitability {freeze, rF+
                  | Will+}
  6840 | D:8      | Acquired 500 gold pieces
  7171 | D:8      | Noticed Maurice
  7175 | D:8      | Killed Maurice
  7653 | D:9      | Found a staircase to the Lair.
  7803 | D:9      | Reached XP level 11. HP: 48/89 MP: 11/11
  7914 | D:9      | Noticed a centaur warrior
  7951 | D:9      | Killed a centaur warrior
  8017 | D:9      | Reached skill level 5 in Armour
  8462 | D:9      | Got the Almanac of Combustion and the Iceberg
  8929 | D:6      | Killed Sigmund
  9083 | D:6      | Killed Maggie
  9107 | D:6      | Found a staircase to the Ecumenical Temple.
  9195 | D:6      | Killed noobster's ghost
  9586 | D:6      | Killed Jeremiah
  9607 | D:7      | Killed yoshimanden's ghost
  9682 | D:10     | Entered Level 10 of the Dungeon
  9937 | D:10     | Found a transporter.
 10004 | D:10     | Noticed a two-headed ogre
 10007 | D:10     | Killed a two-headed ogre
 10081 | D:10     | Identified the +4 short sword "Vausosme" {spect, *Corrode
                  | Str+7 Int+3 Dex-5}
 10127 | D:10     | Identified the +7 war axe of the Demagogue {vamp, rC+
                  | Stlth+}
 10156 | D:10     | Found a staircase to the Orcish Mines.
 10249 | D:10     | Reached XP level 12. HP: 95/95 MP: 12/12
 10267 | D:10     | Found a transporter.
 10291 | D:10     | Found a transporter.
 10355 | D:10     | Found a transporter.
 10435 | D:10     | Found a shadowy altar of Dithmenos.
 10611 | D:11     | Reached ****** piety under Lugonu
 10767 | D:11     | Noticed a two-headed ogre
 10768 | D:11     | Noticed a two-headed ogre
 10775 | D:11     | Killed a two-headed ogre
 10777 | D:11     | Killed a two-headed ogre
 10781 | D:11     | Reached skill level 15 in Ranged Weapons
 11387 | D:12     | Noticed a boulder beetle
 11393 | D:12     | Killed a boulder beetle
 11542 | D:12     | Noticed Nessos
 11550 | D:12     | Killed Nessos
 11952 | D:12     | Reached XP level 13. HP: 101/101 MP: 13/13
 12473 | Lair:1   | Entered Level 1 of the Lair of Beasts
 13326 | Lair:1   | Reached skill level 1 in Evocations
 13425 | Lair:2   | Reached skill level 1 in Invocations
 13785 | Lair:2   | Found a staircase to the Swamp.
 14464 | Lair:3   | Found a gate leading to a gauntlet.
 14475 | Gauntlet | Entered a Gauntlet
 14475 | Gauntlet | Found a transporter.
 14475 | Gauntlet | Found a transporter.
 14493 | Gauntlet | Found a transporter.
 14498 | Gauntlet | Found a transporter.
 14512 | Gauntlet | Found a transporter.
 14513 | Gauntlet | Found a transporter.
 14515 | Gauntlet | Noticed a dire elephant
 14529 | Gauntlet | Found a transporter.
 14545 | Gauntlet | Found a transporter.
 14556 | Gauntlet | Found a transporter.
 14560 | Gauntlet | Found a transporter.
 14575 | Gauntlet | Found a transporter.
 14576 | Gauntlet | Found a transporter.
 14637 | Gauntlet | Reached XP level 14. HP: 50/108 MP: 16/16
 14807 | Gauntlet | Reached skill level 5 in Evocations
 14818 | Gauntlet | Identified the +1 helmet "Nutaxucs" {rC- Will+++ rCorr
                  | Str-4 Dex+3}
 14832 | Gauntlet | Identified the +4 war axe "Nuudgh" {distort, Dex+4}
 14856 | Gauntlet | Identified the +1 plate armour of a volcano {rC- Str+4
                  | Int+2}
 14857 | Gauntlet | Got the Secrets of Exothermic Momentum
 15222 | Lair:3   | Found a runed translucent door.
 15376 | Lair:3   | Found a hole to the Spider Nest.
 15614 | Lair:3   | Acquired a hyperadeledicnander booster {Gadgeteer, rElec
                  | Will+}
 16037 | Lair:3   | Identified the +10 war axe "Arcanum" {heavy, rC+}
 16114 | Lair:4   | Reached skill level 5 in Invocations
 17145 | Lair:5   | Entered Level 5 of the Lair of Beasts
 17215 | Lair:5   | Reached XP level 15. HP: 86/115 MP: 19/19
 17238 | Lair:5   | Reached skill level 10 in Evocations
 17480 | Lair:5   | Reached skill level 10 in Fighting
 17752 | Lair:5   | Found a staircase to the Slime Pits.
 17787 | Lair:5   | Reached skill level 10 in Armour
 18276 | Lair:1   | Identified a +3 broad axe of distortion (a +1 broad axe of
                  | pain corrupted by Lugonu)
 18276 | Lair:1   | Received a gift from Lugonu
 18365 | Orc:1    | Entered Level 1 of the Orcish Mines
 18510 | Orc:1    | Found Dolill's Armour Boutique.
 18694 | Orc:1    | Found a runed translucent door.
 18697 | Orc:1    | Noticed a balrug
 18932 | Orc:2    | Entered Level 2 of the Orcish Mines
 19017 | Orc:2    | Found a roughly hewn altar of Beogh.
 19121 | Orc:2    | Noticed Urug
 19123 | Orc:2    | Killed Urug
 19171 | Orc:2    | Noticed Saint Roka
 19181 | Orc:2    | Killed Saint Roka
 19266 | Orc:2    | Found a roughly hewn altar of Beogh.
 19276 | Orc:2    | Found Utsugen's Book Emporium.
 19292 | Orc:2    | Found a staircase to the Elven Halls.
 19388 | Orc:2    | Found Boifeil's Distillery.
 19449 | Orc:2    | Found Boaff's Antique Weapon Emporium.
 19465 | Orc:2    | Found Gowaoc's Antique Armour Emporium.
 19480 | Orc:2    | Found Zual's General Store.
 19488 | Orc:2    | Bought a scroll of identify for 30 gold pieces
 19488 | Orc:2    | Bought a scroll of identify for 30 gold pieces
 19488 | Orc:2    | Bought a phantom mirror for 600 gold pieces
 19488 | Orc:2    | Bought a scroll of identify for 30 gold pieces
 19514 | Orc:2    | Bought a potion of curing for 51 gold pieces
 19514 | Orc:2    | Bought a potion of heal wounds for 85 gold pieces
 19514 | Orc:2    | Bought a potion of heal wounds for 85 gold pieces
 19514 | Orc:2    | Bought a potion of curing for 51 gold pieces
 19514 | Orc:2    | Bought a potion of curing for 51 gold pieces
 19804 | Spider:1 | Entered Level 1 of the Spider Nest
 20006 | Spider:1 | Reached XP level 16. HP: 106/124 MP: 22/22
 22061 | Spider:3 | Reached skill level 5 in Dodging
 22275 | Spider:3 | Found a runed translucent door.
 22275 | Spider:3 | Found a shimmering altar of Xom.
 22275 | Spider:3 | Noticed Mulldrifter's ghost (adept FoFi)
 22651 | Spider:3 | Noticed Louise
 22665 | Spider:3 | Killed Louise
 23272 | Spider:4 | Entered Level 4 of the Spider Nest
 23403 | Spider:3 | Reached XP level 17. HP: 135/135 MP: 23/23
 23403 | Spider:3 | Reached XP level 18. HP: 141/141 MP: 23/25
 25997 | Spider:4 | Noticed Roxanne
 26004 | Spider:4 | Killed Roxanne
 26113 | Spider:4 | Reached skill level 10 in Invocations
 26696 | Spider:4 | Upgraded the game from 0.32-a0-675-gdc239d62e1 to
                  | 0.32-a0-685-g93135e86f0
 27289 | Spider:4 | Got a gossamer rune of Zot
 27437 | Swamp:1  | Entered Level 1 of the Swamp
 27949 | Swamp:1  | You fall into a shaft and drop 1 floor!
 28229 | Swamp:1  | Reached XP level 19. HP: 144/152 MP: 26/26
 29227 | Swamp:3  | Found a glacial archway.
 29233 | IceCv    | Entered an ice cave
 29750 | IceCv    | Reached skill level 10 in Dodging
 30147 | IceCv    | Reached skill level 15 in Fighting
 30287 | IceCv    | Got Sif Muna's Atlas of the Deep Freeze
 30961 | Swamp:3  | Identified the serpent talisman of Autumn {Will++ Int+3
                  | Stlth+}
 30961 | Swamp:3  | Noticed Aizul
 30967 | Swamp:3  | Killed Aizul
 31218 | Swamp:4  | Entered Level 4 of the Swamp
 31991 | Swamp:4  | Noticed a tentacled monstrosity
 31995 | Swamp:4  | Killed a tentacled monstrosity
 32263 | Swamp:4  | Noticed the 27-headed Lernaean hydra
 32558 | Swamp:4  | Killed the 27-headed Lernaean hydra
 32675 | Swamp:4  | Got a decaying rune of Zot
 32991 | D:13     | Noticed Lodul
 32991 | D:13     | Found a gate to the Vaults.
 33000 | D:12     | Killed Lodul
 33001 | D:12     | Reached XP level 20. HP: 56/164 MP: 27/27
 33305 | D:13     | Reached skill level 15 in Armour
 33856 | D:13     | Found Kuowudghi's Jewellery Shop.
 34121 | D:13     | Found a runed translucent door.
 34177 | D:13     | Found a runed translucent door.
 34553 | D:14     | Found a roughly hewn altar of Beogh.
 34783 | D:14     | Learned a level 1 spell: Apportation
 34789 | D:14     | Learned a level 5 spell: Summon Forest
 34797 | D:14     | Learned a level 7 spell: Malign Gateway
 34804 | D:14     | Learned a level 6 spell: Dispersal
 35182 | D:15     | Entered Level 15 of the Dungeon
 35207 | D:15     | Found an ancient bone altar of Kikubaaqudgha.
 36091 | D:15     | Found a staircase to the Depths.
 36282 | Vaults:1 | Entered Level 1 of the Vaults
 37108 | Vaults:1 | Found a large runed translucent door.
 37108 | Vaults:1 | Found a large runed translucent door.
 37108 | Vaults:1 | Found a large runed translucent door.
 37108 | Vaults:1 | Found a large runed translucent door.
 37108 | Vaults:1 | Found a large runed translucent door.
 37108 | Vaults:1 | Found a large runed translucent door.
 37108 | Vaults:1 | Noticed shadizar's ghost (adept GrEE)
 37109 | Vaults:1 | Found a large runed translucent door.
 37109 | Vaults:1 | Found a large runed translucent door.
 37600 | Vaults:1 | Found a portal to a secret trove of treasure.
 37767 | Vaults:2 | Reached XP level 21. HP: 174/174 MP: 28/28
 37775 | Vaults:2 | Acquired a manual of Translocations
 38119 | Vaults:2 | Reached skill level 1 in Translocations
 38243 | Vaults:2 | Reached skill level 1 in Spellcasting
 38292 | Vaults:2 | Found Gethixt's Armour Shoppe.
 39306 | Vaults:3 | Found a staircase to the Crypt.
 40411 | Vaults:3 | Reached skill level 5 in Translocations
 41591 | Vaults:4 | Found a magical portal.
 41603 | WizLab   | Entered The Chambers of the Cloud Mage
 42187 | WizLab   | Paralysed by an air elemental for 1 turns
 42196 | WizLab   | Paralysed by an air elemental for 1 turns
 42202 | WizLab   | Reached XP level 22. HP: 108/184 MP: 29/29
 42565 | WizLab   | Got the Compilation of Fog
 42579 | WizLab   | Identified the ring "Jappalir" {Fly rC+ Stlth+}
 43643 | Vaults:4 | Identified the +1 robe of Puerr {rN+ Str+3}
 44748 | Elf:1    | Entered Level 1 of the Elven Halls
 44748 | Elf:1    | Noticed Agnes
 44753 | Elf:1    | Killed Agnes
 44840 | Elf:1    | Reached skill level 15 in Dodging
 44840 | Elf:1    | Reached skill level 5 in Spellcasting
 45025 | Elf:1    | Got Vehumet's Catalogue of Momentum
 45039 | Elf:1    | Learned a level 4 spell: Passage of Golubria
 45414 | Elf:1    | Reached skill level 1 in Summonings
 45703 | Elf:1    | Found Taruown's Magic Scroll Boutique.
 45943 | Elf:1    | Bought a scroll of teleportation for 33 gold pieces
 45943 | Elf:1    | Bought a scroll of teleportation for 33 gold pieces
 45943 | Elf:1    | Bought a scroll of enchant armour for 82 gold pieces
 46119 | Elf:2    | Found a runed translucent gate.
 46119 | Elf:2    | Found a runed translucent gate.
 46119 | Elf:2    | Found a runed translucent gate.
 46824 | Elf:2    | Identified the +1 scale mail "Utal" {rC+ SInv}
 46952 | Elf:2    | Noticed Norris
 47070 | Elf:2    | Killed Norris
 47253 | Elf:2    | Reached XP level 23. HP: 190/190 MP: 31/31
 47731 | Elf:2    | Reached skill level 10 in Translocations
 47992 | Elf:3    | Entered Level 3 of the Elven Halls
 48004 | Elf:2    | Reached skill level 5 in Summonings
 48798 | Elf:2    | Paralysed by an air elemental for 1 turns
 49591 | Elf:2    | Paralysed by an air elemental for 1 turns
 50063 | Elf:3    | Identified the +8 morningstar of Disintegration {drain,
                  | Str+4}
 50168 | Elf:3    | Found Bipra's Book Boutique.
 50222 | Elf:3    | Found Ybbuep Vicsa's Magic Scroll Shoppe.
 50224 | Elf:3    | Found Hedghato's Magic Scroll Emporium.
 50228 | Elf:3    | Bought a scroll of teleportation for 48 gold pieces
 50228 | Elf:3    | Bought a scroll of brand weapon for 152 gold pieces
 50234 | Elf:3    | Bought a scroll of teleportation for 57 gold pieces
 50234 | Elf:3    | Bought a scroll of enchant armour for 142 gold pieces
 50261 | Elf:3    | Identified the +5 glaive of Instant Death {flame, *Noise
                  | rC+ Dex+5}
 50356 | Elf:3    | Identified the +5 quarterstaff of Hautiana {flame, Fly}
 50390 | Elf:3    | Identified the ring "Yfineffu" {+Blink Fly rN+}
 50392 | Elf:3    | Identified the +4 short sword "Sysauq" {venom, ^Fragile
                  | rPois Will++ Dex+3}
 50431 | Elf:3    | Identified the +6 crystal plate armour "Kixkauts" {Int+3}
 50460 | Elf:3    | Identified the amulet "Xeilydd" {rElec RegenMP+ Str+3
                  | Slay-3}
 50641 | Elf:3    | Found the +27 heavy crossbow "Sniper" {heavy, Acc+∞ SInv}
 50821 | Elf:3    | Found Feeczaxt's General Store.
 50916 | Elf:3    | Paralysed by an air elemental for 1 turns
 51048 | Elf:3    | Found Ackuyssi's Weapon Boutique.
 51506 | Depths:1 | Entered Level 1 of the Depths
 51584 | Depths:1 | Found a gateway to Hell.
 52261 | Depths:1 | Noticed Nikola
 52273 | Depths:1 | Killed Nikola
 52400 | Depths:1 | Found a transporter.
 52406 | Depths:1 | Found a transporter.
 52557 | Depths:1 | Found a one-way gate to the infinite horrors of the Abyss.
 52614 | Depths:1 | Found a transporter.
 52742 | Depths:1 | Found a transporter.
 53093 | Depths:2 | Found a one-way gate leading to the halls of Pandemonium.
 53345 | Depths:2 | Reached XP level 24. HP: 179/197 MP: 31/33
 53545 | Depths:2 | Found a shimmering blue altar of Sif Muna.
 54325 | Depths:2 | Succumbed to poison (poison gas)

Illustrated notes

Levels and vault maps discovered:
D:1:      eino_arrival_water_cross, layout_loops_ring,
          ebering_ecumenical_altar_box, serial_rivers,
          chequers_serial_rivers_room_b, chequers_serial_rivers_room_b,
          chequers_serial_rivers_room_a, chequers_serial_rivers_micro_e
D:2:      layout_loops_corners, minmay_hedge_maze, hangedman_decor_push,
          kennysheep_generic_room_8
D:3:      layout_rooms, marbit_many_paths, gammafunk_ghost_cemetery,
          lightli_sewer_entry_pipes
D:4:      layout_rooms, uniq_robin
D:5:      layout_basic, minmay_fountain_box, minmay_misc_feat_enclosed,
          minmay_misc_feat_doors, uniq_ijyb
D:6:      layout_loops_ring, vehumet_crystals, lemuel_temple_firewalk_b,
          gammafunk_ghost_grave, uniq_jeremiah, uniq_maggie, uniq_sigmund,
          uniq_pikel, uniq_prince_ribbit1
D:7:      layout_rooms, nicolae_overflow_two_pavilions, kennysheep_mini_moat,
          gammafunk_ghost_grave, nicolae_benzene_ring
D:8:      layout_loops_ring, grunt_tough_drop, uniq_maurice
D:9:      nzn_winding_woodlands_medium [nzn_winding_woodlands_5x5_closed_star,
          nzn_winding_woodlands_5x15_zeroes, nzn_winding_woodlands_5x5_cross,
          nzn_winding_woodlands_5x5_checkerboard,
          nzn_winding_woodlands_center_diamonds,
          nzn_winding_woodlands_5x5_perimeter, nzn_winding_woodlands_5x5_three,
          nzn_winding_woodlands_5x15_pool, nzn_winding_woodlands_5x5_open_star],
          layout_long_grid, erik_lair_orcish_takeover, eino_jars
D:10:     layout_roguey, nicolae_dithmenos_through_a_glass_darkly, erik_orc_2,
          nicolae_diode_intersection
D:11:     lemuel_troll_bridge, layout_basic
D:12:     layout_basic, ebering_dispersal_statue_hall, uniq_nessos
D:13:     minmay_expanding_circles, layout_long_grid, david_vaults_3,
          serial_shops, nicolae_lakefront_shop
D:14:     layout_roguey, special_room [special_room_orc]
D:15:     gammafunk_enter_depths_forms, layout_irregular_city,
          kiku_gazebo_garden_becter
Lair:1:   beast_lair_carwin_large_2, layout_gridlike, grunt_megastairs_5
Lair:2:   statuecave_lemuel, layout_hall_layers,
          nicolae_swamp_entry_splash_gauntlet, lemuel_fruit_fields
Lair:3:   gammafunk_lair_enchanted_lake, layout_long_grid,
          nicolae_spider_entry_lesser_pyramids, gauntlet_entry_generic
Lair:4:   layout_regular_city, st_stairs_10, lemuel_fruit_tree,
          serial_bayou_shore_a
Lair:5:   gammafunk_lair_ancient_temple, layout_regular_city, slime_entry_1,
          hangedman_lair_unloving_vines, disabler_island
Swamp:1:  layout_falls_marsh, nicolae_swamp_small_spring, swamp_pool_4,
          nicolae_swamp_frolicking_bunyips
Swamp:2:  layout_falls_marsh, evilmike_swamp_ruin_house_4, swamp_pool_3
Swamp:3:  nicolae_swamp_ascending_descending, layout_basic_swamp,
          portal_ice_cave_entry_horrid_things, evilmike_swamp_ruin_house_1,
          swamp_pool_1_2, uniq_aizul
Swamp:4:  swamp_old_school, layout_basic_swamp, swamp_pool_5
Spider:1: layout_spider_delve, nicolae_spider_paper_wasps,
          hangedman_spider_tarantella_strand
Spider:2: layout_spider_delve
Spider:3: layout_cave_pods, ebering_ghost_xom, uniq_louise
Spider:4: spider_rune_water, special_room, uniq_roxanne
Orc:1:    dreamdust_dug_too_deep, layout_caves, serial_shops, shop
Orc:2:    grunt_orc_cross, layout_caves, basic_altar, serial_shops,
          nicolae_shop_pleasant_corner_grove
Elf:1:    eino_elf_arrival_sip, layout_geoelf_octagon, serial_shops,
          nicolae_shop_statue_plus, minmay_elf_annihilation, uniq_agnes
Elf:2:    nicolae_elf_blades_splatter_lattice
          [nicolae_blade_entry_floor_patterns], layout_rooms, uniq_norris
Elf:3:    grunt_elf_hall_spiral, layout_loops_ring, serial_shops,
          nicolae_shop_crystal, shop, shop, shop,
          nicolae_shop_pleasant_corner_grove
Vaults:1: advil_vaults_ghost_lines, grunt_vaults_bifocal, hangedman_vaults_maws,
          nicolae_vaults_ninety_degrees, layout_vaults_omnigrid, enter_trove_3
Vaults:2: grunt_vaults_focal, v_rooms_5, v_misc_26, vaults_dpeg_diagonal,
          nicolae_vaults_network_quincunx
          [nicolae_vaults_network_quincunx_subvault,
          nicolae_vaults_network_quincunx_subvault,
          nicolae_vaults_network_quincunx_subvault,
          nicolae_vaults_network_quincunx_subvault,
          nicolae_vaults_network_quincunx_subvault],
          vaults_standard_mumra_enter_the_diamond, serial_ice_m,
          nicolae_vaults_little_squares_6, nicolae_vaults_border_crossing,
          nicolae_vaults_taking_the_gang_shopping, vaults_dpeg_encased_lava,
          ontoclasm_vaults_claustrophobia, layout_vaults_maze_bifur
Vaults:3: vaults_dpeg_ring, vaults_room_pools, ontoclasm_vaults_chip,
          minmay_crypt_entry_simple_statues, vaults_room_ringed_pool,
          nicolae_vaults_stepped_doors, hangedman_vaults_hat,
          vaults_dpeg_emergency_exit, vaults_room_door_ring,
          nicolae_vaults_trapezoid_lopsided_1, nicolae_vaults_little_squares_1,
          grunt_vaults_funnel, nicolae_vaults_tetromino_L_1,
          layout_vaults_chaotic_city
Vaults:4: infiniplex_enter_wizlab_glasses, nicolae_vaults_tetromino_L_1,
          nicolae_vaults_door_testing_chamber, nicolae_vaults_oval_intersection,
          nicolae_vaults_network_square, ontoclasm_vaults_loading_screen,
          nicolae_vaults_know_your_exits, nicolae_vaults_weapon_check,
          hangedman_vaults_stream, hangedman_vaults_pinch,
          nicolae_vaults_turnstiles, layout_vaults_omnibox
Depths:1: layout_basic, abyss_entry, hell_entry, minmay_misc_feat_secret_circle,
          nicolae_transporter_circle, uniq_nikola
Depths:2: angbandy_vault, layout_basic, led_sif_pool, rand_demon_pan_entry_9,
          hell_entry, kennysheep_nondescript, infiniplex_staircase_zigzag_3,
          serial_bayou_shore_b

Skill      XL: |  1  2  3  4  5  6  7  8  9 10 11 12 13 14 15 16 17 18 19 20 21 22 23 24 |
---------------+-------------------------------------------------------------------------+-----
Ranged Weapons | 4 5 6 7 9 10 12 14 15 17 18 | 18.3
Fighting       | 3 4 5 6 8 9 10 12 14 15 17 18 | 18.0
Armour         | 4 6 8 9 10 12 13 14 16 17 18 | 18.0
Evocations     | 4 9 13 | 13.0
Invocations    | 3 6 8 9 10 | 10.0
Dodging        | 2 6 9 11 12 14 15 16 17 | 17.2
Translocations | 6 9 12 | 12.6
Spellcasting   | 3 5 7 |  7.6
Summonings     | 3 8 9 |  9.5
Stealth        | |  0.7

Action                     |  1- 3 |  4- 6 |  7- 9 | 10-12 | 13-15 | 16-18 | 19-21 | 22-24 || total
---------------------------+-------+-------+-------+-------+-------+-------+-------+-------++-------
  Melee: Hand cannon       |       |       |       |       |       |    24 |       |       ||    24
   Fire: Sling             |   120 |   306 |   778 |    38 |       |       |       |       ||  1242
         Hand cannon       |       |       |       |   628 |  1224 |  1276 |  2416 |  1760 ||  7304
  Throw: Dart              |       |       |       |     3 |       |     1 |       |       ||     4
         Throwing net      |       |       |       |       |       |     3 |       |       ||     3
   Cast: Summon Forest     |       |       |       |       |       |       |       |     1 ||     1
 Invoke: Brand Weapon With |       |       |       |       |     1 |       |       |       ||     1
Ability: Invent Gizmo      |       |       |       |       |     1 |       |       |       ||     1
  Evoke: Wand              |       |       |     2 |     9 |       |     3 |    26 |    26 ||    66
         Phial of floods   |       |       |       |       |       |     1 |     1 |     1 ||     3
         Phantom mirror    |       |       |       |       |       |     1 |       |     4 ||     5
         Sack of spiders   |       |       |       |       |       |       |     1 |     3 ||     4
         Condenser vane    |       |       |       |       |       |       |       |     4 ||     4
    Use: Scroll            |       |     5 |     4 |    23 |     8 |    11 |    16 |    17 ||    84
         Potion            |       |     2 |     6 |     2 |     3 |    15 |    10 |    10 ||    48
 Armour: Leather armour    |     5 |    25 |    54 |       |       |       |       |       ||    84
         Robe              |       |       |    54 |       |       |       |       |       ||    54
         Ring mail         |       |       |     7 |    76 |       |       |       |       ||    83
         Swamp dragon scal |       |       |       |    46 |   153 |   516 |   103 |       ||   818
         Ice dragon scales |       |       |       |       |       |       |   466 |   512 ||   978
  Dodge: Dodged            |     3 |    29 |   104 |    51 |    62 |   407 |   450 |   374 ||  1480

Table legend: (Time is in decaauts)
 A = Elapsed time spent in this place.
 B = Non-inter-level travel time spent in this place.
 C = Inter-level travel time spent in this place.
 D = Time resting spent in this place.
 E = Time spent auto-exploring this place.
 F = Levels seen in this place.
 G = Mean time per level.
                   A        B        C        D        E       F      G
               +--------+--------+--------+--------+--------+-----+--------+
         Total |  55098 |  50605 |   4493 |   9669 |  30272 |  43 | 1281.3 |
       Dungeon |  17256 |  15244 |   2012 |   1673 |   9935 |  15 | 1150.4 |
          Lair |   5939 |   5440 |    499 |    148 |   4458 |   5 | 1187.8 |
         Swamp |   4155 |   4003 |    152 |   1191 |   2146 |   4 | 1038.8 |
   Spider Nest |   7637 |   7095 |    542 |   2196 |   3794 |   4 | 1909.2 |
  Orcish Mines |   1460 |   1174 |    286 |      0 |    992 |   2 |  730.0 |
   Elven Halls |   6430 |   5650 |    780 |   2170 |   2244 |   3 | 2143.3 |
        Vaults |   7040 |   6840 |    200 |   1218 |   4373 |   4 | 1760.0 |
        Depths |   2384 |   2366 |     18 |    272 |   1557 |   2 | 1192.0 |
         Sewer |    170 |    170 |      0 |      0 |    114 |   1 |  170.0 |
      Ice Cave |   1208 |   1208 |      0 |    187 |    583 |   1 | 1208.0 |
        Wizlab |   1034 |   1034 |      0 |    465 |     52 |   1 | 1034.0 |
      Gauntlet |    381 |    381 |      0 |    148 |     23 |   1 |  381.0 |
               +--------+--------+--------+--------+--------+-----+--------+

Top non-repeatable levels by time:
Spider:3: 4134 daAuts
   Elf:2: 2986 daAuts
Vaults:3: 2702 daAuts
   Elf:1: 2239 daAuts
     D:6: 1945 daAuts
    D:15: 1604 daAuts
Vaults:4: 1595 daAuts
Depths:2: 1562 daAuts
    D:13: 1559 daAuts
Vaults:1: 1526 daAuts
     D:9: 1407 daAuts
  Lair:3: 1400 daAuts
    D:12: 1363 daAuts
Spider:4: 1319 daAuts
     D:3: 1281 daAuts
